 Dungeon Crawl Stone Soup version 0.29.1-12-g30fa7ad0bf (webtiles) character file.

Game seed: 9899099783028438595

172 hawla the Chiller (level 6, -7/45 HPs)
             Began as a Meteoran Ice Elementalist on Dec 15, 2022.
             Mangled by a yak (16 damage)
             ... on level 4 of the Dungeon.
             The game lasted 00:02:13 (246 turns).

hawla the Chiller (Meteoran Ice Elementalist)        Turns: 246, Time: 00:02:14

Health: -7/45      AC:  2    Str:  9    XL:     6   Next: 9%
Magic:  9/14       EV: 12    Int: 20    God:
Gold:   19         SH:  0    Dex: 14    Spells: 10/14 levels left

rFire   . . .      SeeInvis .   (no weapon)
rCold   . . .      Faith    .   (no shield)
rNeg    . . .      Spirit   .   a - +0 robe
rPois   .          Reflect  .   (no helmet)
rElec   .          Harm     .   (no cloak)
rCorr   .          Rampage  .   (no gloves)
Will    .....                   (no boots)
Stlth   +.........              (no amulet)
HPRegen 0.15/turn               (no ring)
MPRegen 0.14/turn               (no ring)

@: freezing walls, glowing
A: sense surroundings 1, otherworldly, glowing, explore regen
a: no special abilities


You were on level 4 of the Dungeon.
You visited 1 branch of the dungeon, and saw 4 of its levels.

You collected 19 gold pieces.

Inventory:

Armour
 a - a +0 robe (worn)
Scrolls
 d - a scroll of enchant armour {unknown}
Potions
 c - a potion of cancellation


   Skills:
 + Level 0.2 Fighting
 + Level 2.8 Dodging
 + Level 1.4 Stealth
 + Level 4.8 Spellcasting
 + Level 6.0 Ice Magic


You had 10 spell levels left.
You knew the following spells:

 Your Spells              Type           Power      Damage    Failure   Level
a - Freeze                Ice            100%       1d11      1%          1
b - Frozen Ramparts       Ice            58%        1d9       3%          3

Your spell library contained the following spells:

 Spells                   Type           Power      Damage    Failure   Level
 Ozocubu's Armour         Ice            29%        N/A       3%          3
 Hailstorm                Conj/Ice       16%        3d6       34%         4
 Borgnjor's Revivificati  Necr           2%         N/A       100%        8
 Necromutation            Tmut/Necr      2%         N/A       100%        8
 Death's Door             Necr           2%         N/A       100%        9


Dungeon Overview and Level Annotations

Branches:
Dungeon (4/15) Zot: 2153
 Temple: D:4-7

Altars:


Innate Abilities, Weirdness & Mutations

You passively map a small area around you.
You are easily found by Zot.
You glow in the dark.
You regain HP and MP as you explore.


Message History

Your Ice Magic skill increases to level 6!
You have reached level 4!
You have reached level 5!
You have reached level 6!
You feel clever.
Unknown command.
It was a potion of cancellation.
Your magical effects are unravelling.
You feel magically purged.
The frozen ramparts melt away.
The yak bellows!
The yak gores you. Magic courses through your body.
The yak gores you but does no damage. x2
Casting: Freeze (safe; 1% risk of failure)
Confirm with . or Enter, or press ? or * to list all spells.
Casting: Frozen Ramparts (dangerous; 3% risk of failure)
Press: ? - help, Dir - look around, f - activate The walls around you are covered in ice.
The wall freezes the yak. x2; The yak misses you.
The wall freezes the yak!
The yak barely misses you.
Casting: Frozen Ramparts (dangerous; 3% risk of failure)
Confirm with . or Enter, or press ? or * to list all spells.
Aiming: Freeze (safe; 1% risk of failure)
Press: ? - help, Shift-Dir - straight line, f - yak
Aim: a yak (moderately wounded)
You freeze the yak.
The yak is heavily wounded.
The wall freezes the yak.
The yak gores you but does no damage.
The wall freezes the yak.
The yak gores you!
* * * LOW HITPOINT WARNING * * *
The wall freezes the yak but does no damage.
Casting: Freeze (safe; 1% risk of failure)
Confirm with . or Enter, or press ? or * to list all spells.
Aiming: Freeze (safe; 1% risk of failure)
Press: ? - help, Shift-Dir - straight line, f/p - yak
Aim: a yak (heavily wounded)
You freeze the yak.
The yak is severely wounded.
The wall freezes the yak!
The yak barely misses you.
The wall freezes the yak!
The yak gores you!
You die...

, * #...#.#.....†##
* .####....###.#...#
...#......##.##.†#
,....#.........##...
*
##..#.........#.#..
#>...#....Y.....#..
*#..Y....Y.#.#....
##YY#......###....
###@Y##....#.#* .$.
#.........##..#* ...
##...#....##..#,
#####....# ..#,
#.....# ..
##..#<...#,,
........#,
,.......## ,, *
.....#### ,,


You could see 4 yaks.

Vanquished Creatures
  A yak (D:4)
  An adder (D:4)
  A worm (D:2)
  An orc (D:3)
  A ball python (D:4)
  An endoplasm (D:2)
  A hobgoblin (D:4)
  A quokka (D:4)
  A frilled lizard (D:2)
  3 rats (D:3)
12 creatures vanquished.

Notes
Turn   | Place    | Note
-------+----------+-------------------------------------------
     0 | D:1      | hawla the Meteoran Ice Elementalist began the quest for the
                  | Orb.
     0 | D:1      | Reached XP level 1. HP: 14/14 MP: 5/5
    96 | D:2      | Reached XP level 2. HP: 20/20 MP: 4/6
   205 | D:4      | Reached skill level 5 in Ice Magic
   205 | D:4      | Reached XP level 3. HP: 9/26 MP: 1/8
   209 | D:4      | Learned a level 3 spell: Frozen Ramparts
   213 | D:4      | Noticed a yak
   213 | D:4      | Noticed a yak
   213 | D:4      | Noticed a yak
   214 | D:4      | Noticed a yak
   236 | D:4      | Noticed a yak
   241 | D:4      | Killed a yak
   242 | D:4      | Reached skill level 6 in Ice Magic
   242 | D:4      | Reached XP level 4. HP: 15/33 MP: 0/11
   242 | D:4      | Reached XP level 5. HP: 17/38 MP: 0/13
   242 | D:4      | Reached XP level 6. HP: 20/45 MP: 0/14
   246 | D:4      | Mangled by a yak

Illustrated notes

Levels and vault maps discovered:
D:1:      minmay_arrival_floating_metal, layout_loops_ring, serial_bayou,
          serial_bayou_pond_a, serial_bayou_ford_a, serial_bayou_pond_a,
          serial_bayou_crossing
D:2:      layout_basic, shapermc_ecumenical_altar_petra, minmay_door_square,
          minmay_misc_feat_enclosed, kennysheep_jessica_study
D:3:      layout_loops_cross, chequers_temple_overflow_minitemple, uniq_pargi
D:4:      layout_cave_pools, cheibrodos_gnoll_hut, uniq_natasha

Skill      XL: |  1  2  3 |
---------------+----------+-----
Spellcasting   | 3 4 |  4.8
Ice Magic      | 5 6 |  6.0
Fighting       | |  0.2
Dodging        | |  2.8
Stealth        | |  1.4

Action                   |  1- 3 |  4- 6 || total
-------------------------+-------+-------++-------
Melee: Unarmed           |     2 |       ||     2
 Cast: Freeze            |    28 |     2 ||    30
       Frozen Ramparts   |     1 |     1 ||     2
  Use: Potion            |       |     2 ||     2
Armor: Robe              |     4 |     3 ||     7
Dodge: Dodged            |    16 |     3 ||    19
